 Dungeon Crawl Stone Soup version 0.28-a0-938-gbc3f381ebc (webtiles) character file.

Game seed: 16657923349259743675

2685 Decritt the Cleaver (level 9, -2/81 HPs)
             Began as a Minotaur Fighter on Nov 28, 2021.
             Was an Initiate of Gozag.
             Succumbed to an orc warrior's poison
             ... on level 6 of the Dungeon.
             The game lasted 00:12:46 (7594 turns).

Decritt the Cleaver (Minotaur Fighter)              Turns: 7594, Time: 00:12:47

Health: -2/81      AC: 14    Str: 23    XL:     9   Next: 38%
Magic:  8/8        EV: 10    Int:  5    God:    Gozag
Gold:   344        SH:  9    Dex: 11    Spells: 8/8 levels left

rFire   . . .      SeeInvis +   y - +1 whip (freeze)
rCold   . . .      Faith    .   c - +0 buckler
rNeg    . . .      Spirit   .   l - +0 chain mail
rPois   .          Reflect  +   (helmet restricted)
rElec   .          Harm     .   p - +1 cloak
rCorr   .          Rampage  .   (no gloves)
Will    .....                   x - +0 pair of boots
Stlth   ..........              m - amulet of reflection
HPRegen 0.23/turn               v - ring of see invisible
MPRegen 0.11/turn               (no ring)

@: lethally poisoned (-2 -> -13)
A: horns 2, retaliatory headbutt
a: Renounce Religion, Potion Petition, Call Merchant, Bribe Branch


You were on level 6 of the Dungeon.
You worshipped Gozag.
Gozag was aware of your devotion.
You visited 2 branches of the dungeon, and saw 8 of its levels.
You also visited: Sewer.

You collected 424 gold pieces.
You paid 80 gold pieces to Gozag.

Inventory:

Hand Weapons
 y - a +1 whip of freezing (weapon)
Armour
 c - a +0 buckler (worn)
 l - a +0 chain mail (worn)
 p - a +1 cloak (worn)
 x - a +0 pair of boots (worn)
Jewellery
 m - an amulet of reflection (around neck)
 v - a ring of see invisible (left hand)
Wands
 n - a wand of acid (9)
 t - a wand of paralysis (7)
Scrolls
 a - a scroll of immolation {unknown}
 b - 2 scrolls of enchant armour {unknown}
 k - a scroll of magic mapping {unknown}
 q - a scroll of teleportation
 u - a scroll of enchant weapon {unknown}
Potions
 d - a potion of might
 e - a potion of heal wounds
 f - 2 potions of attraction
 g - 2 potions of flight
 h - 6 potions of curing
 i - a potion of haste {unknown}
 j - a potion of degeneration {unknown}
 o - a potion of brilliance {unknown}
 r - a potion of cancellation {unknown}
 s - a potion of invisibility {unknown}
 w - a potion of berserk rage


   Skills:
 + Level 8.1 Fighting
 * Level 10.5 Axes
 + Level 7.1 Armour
 + Level 5.4 Dodging
 + Level 3.9 Shields


You had 8 spell levels left.
You didn't know any spells.
Your spell library contained the following spells:

 Spells                   Type           Power      Damage    Failure   Level
 Sting                    Tmut/Pois      0%         1d3       98%         1
 Poisonous Vapours        Pois/Air       0%         N/A       99%         2
 Sublimation of Blood     Necr           0%         N/A       99%         2
 Wereblood                Tmut           0%         N/A       99%         2
 Olgreb's Toxic Radiance  Pois           0%         N/A       100%        4
 Summon Hydra             Summ           0%         N/A       100%        7


Dungeon Overview and Level Annotations

Branches:
Dungeon (7/15)             Temple (1/1) D:6           Sewer (visited)

Altars:
Ashenzari
Dithmenos
Gozag
Hepliaklqana
Kikubaaqudgha
Makhleb
Qazlal
Ru
Uskayaw
Vehumet
Wu Jian
Xom
Zin
The Shining One


Innate Abilities, Weirdness & Mutations

You have a pair of horns on your head.
You reflexively headbutt those who attack you in melee.


Message History

You feel sick.
You barely miss the orc warrior. You headbutt the orc warrior!
The orc warrior is heavily wounded.
You feel sick.
The orc warrior hits you with a +2 trident of venom.
You are more poisoned.
You barely miss the orc warrior. Your headbutt misses the orc warrior.
The orc warrior is heavily wounded.
You feel sick.
The orc warrior hits you with a +2 trident of venom.
You barely miss the orc warrior.
The orc warrior is heavily wounded.
You feel very sick.
The orc warrior hits you with a +2 trident of venom!
* * * LOW HITPOINT WARNING * * *
You are more poisoned.
You closely miss the orc warrior.
The orc warrior is heavily wounded.
You feel very sick.
You hit the orc warrior but do no damage.
The orc warrior is heavily wounded.
You feel very sick. You block the orc warrior's attack.
You feel very sick.
The orc warrior hits you from afar with a +2 trident of venom!
* * * LOW HITPOINT WARNING * * *
You are lethally poisoned!
* * * LOW HITPOINT WARNING * * *
You feel very sick.
* * * LOW HITPOINT WARNING * * *
You feel very sick.
* * * LOW HITPOINT WARNING * * *
You feel very sick.
There is a stone staircase leading up here.
* * * LOW HITPOINT WARNING * * *
You feel very sick. The orc warrior closely misses you.
You climb upwards.
You die...
Your body crumbles into a pile of gold.

#####...# #...##..##
##.......# #......##
.........## #.....##
..........# ##.....#
..........###......#
..........##.......#
...........>.......##
#............##.....#
###.........###.@...#
####.......###....##
#####.##..#.....#
#..###.......## ##.##
###......# #..#
###...## #.## ##..#
### ##.# ###


There were no monsters in sight!

Vanquished Creatures
  Pikel (Temple)
  Grinder (D:5)
  Eustachio (D:5)
  Menkaure (D:4)
  A steam dragon (D:5)
  An orc warrior (D:5)
  An ice beast (D:6)
  2 necrophages
  2 ogres
  2 centaurs
  2 kobold brigands
  A bullfrog (D:6)
  2 scorpions
  A water moccasin zombie (D:5)
  2 water moccasin skeletons
  2 bullfrog zombies (D:5)
  A centaur skeleton (D:5)
  2 orc priests
  A hound (D:5)
  An iguana (D:6)
  A jelly (D:5)
  2 orc wizards
  A howler monkey zombie (D:6)
  A howler monkey skeleton (D:4)
  A river rat (Sewer)
  8 adders
  6 worms
  4 dart slugs
  15 orcs
  6 endoplasms
  3 giant cockroaches
  6 hobgoblins
  2 jackals (Sewer)
  19 kobolds
  6 ball pythons
  8 bats
  2 frilled lizards
  7 goblins
  7 rats
133 creatures vanquished.

Vanquished Creatures (others)
  A kobold (Sewer)
1 creature vanquished.

Grand Total: 134 creatures vanquished

Notes
Turn   | Place    | Note
-------+----------+-------------------------------------------
     0 | D:1      | Decritt the Minotaur Fighter began the quest for the Orb.
     0 | D:1      | Reached XP level 1. HP: 19/19 MP: 0/0
   209 | D:1      | Reached skill level 3 in Axes
   212 | D:1      | Reached XP level 2. HP: 26/27 MP: 1/1
   419 | D:1      | Found a faded altar of an unknown god.
   925 | D:2      | Reached XP level 3. HP: 30/33 MP: 2/2
  1199 | D:2      | Reached skill level 4 in Axes
  1860 | D:3      | Reached XP level 4. HP: 34/41 MP: 3/3
  2553 | D:4      | Found a glowing drain.
  2561 | D:4      | Reached skill level 5 in Axes
  2575 | Sewer    | Entered a sewer
  2922 | Sewer    | Noticed a kobold brigand
  2941 | Sewer    | Killed a kobold brigand
  2942 | Sewer    | Reached skill level 5 in Fighting
  2942 | Sewer    | Reached XP level 5. HP: 32/48 MP: 4/4
  3071 | Sewer    | Found a white marble altar of Elyvilon.
  3343 | D:4      | Noticed a necrophage
  3349 | D:4      | Killed a necrophage
  3350 | D:4      | Reached skill level 6 in Axes
  3350 | D:4      | Reached skill level 1 in Dodging
  3350 | D:4      | Reached XP level 6. HP: 54/56 MP: 5/5
  4143 | D:5      | Entered Level 5 of the Dungeon
  4143 | D:5      | Noticed Menkaure
  4153 | D:4      | Killed Menkaure
  4554 | D:5      | Reached skill level 7 in Axes
  4554 | D:5      | Reached XP level 7. HP: 28/62 MP: 6/6
  4745 | D:5      | Noticed Eustachio
  4774 | D:5      | Killed Eustachio
  4906 | D:5      | Noticed Grinder
  4917 | D:5      | Killed Grinder
  4918 | D:5      | Reached skill level 8 in Axes
  4918 | D:5      | Reached skill level 5 in Armour
  4978 | D:5      | Reached XP level 8. HP: 40/71 MP: 7/7
  5430 | D:5      | Reached skill level 9 in Axes
  5798 | D:6      | Found a staircase to the Ecumenical Temple.
  5811 | D:6      | Noticed Pikel
  5818 | Temple   | Entered the Ecumenical Temple
  5877 | Temple   | Became a worshipper of Gozag Ym Sagoz the Greedy
  5907 | Temple   | Killed Pikel
  5908 | Temple   | Reached skill level 10 in Axes
  5908 | Temple   | Reached XP level 9. HP: 60/80 MP: 8/8
  6012 | D:6      | Reached skill level 5 in Dodging
  7593 | D:7      | HP: 2/81 [poisoned by an orc warrior]
  7594 | D:6      | Succumbed to an orc warrior's poison

Illustrated notes

Levels and vault maps discovered:
D:1:      ncdulo_halloftheorcs, layout_loops_cross, basic_ecumenical_altar
D:2:      layout_loops_corners
D:3:      layout_rooms, wad_rectangle_vault
D:4:      layout_basic, cheibrodos_sewer_entry_bend
D:5:      layout_rooms, minmay_holes, uniq_menkaure, uniq_grinder,
          uniq_eustachio
D:6:      layout_cave_pods, minmay_temple_entry_junction, uniq_pikel
D:7:      layout_loops_ring, minitemple, serial_shops,
          nicolae_shop_temple_entry_statues_fountains, nicolae_shop_trees,
          kennysheep_little_box, nicolae_square_shop,
          minmay_fractal_squares_gapless_5
Temple:   zaba_magenta_temple

Skill      XL: |  1  2  3  4  5  6  7  8  9 |
---------------+----------------------------+-----
Axes           | 3 4 5 6 7 8 10 | 10.5
Fighting       | 4 5 6 7 8 |  8.1
Dodging        | 1 2 3 4 5 |  5.4
Armour         | 4 5 6 7 |  7.1
Shields        | |  3.9

Action                   |  1- 3 |  4- 6 |  7- 9 || total
-------------------------+-------+-------+-------++-------
Melee: War axe           |    68 |   143 |    73 ||   284
       Headbutt          |     9 |    17 |    63 ||    89
       Whip              |       |       |   169 ||   169
  Use: Scroll            |       |     4 |     3 ||     7
       Potion            |       |     3 |       ||     3
Armor: Scale mail        |    33 |    35 |       ||    68
       Chain mail        |       |    16 |    96 ||   112
Dodge: Dodged            |    32 |    39 |    61 ||   132
Block: Buckler           |    28 |    69 |   107 ||   204
       Reflection        |       |     4 |     2 ||     6

Table legend: (Time is in decaauts)
 A = Elapsed time spent in this place.
 B = Non-inter-level travel time spent in this place.
 C = Inter-level travel time spent in this place.
 D = Time resting spent in this place.
 E = Time spent auto-exploring this place.
 F = Levels seen in this place.
 G = Mean time per level.
                   A        B        C        D        E       F      G
               +--------+--------+--------+--------+--------+-----+--------+
         Total |   7657 |   7505 |    152 |   1433 |   4973 |   9 |  850.8 |
       Dungeon |   6882 |   6730 |    152 |   1058 |   4708 |   7 |  983.1 |
        Temple |    184 |    184 |      0 |     85 |     50 |   1 |  184.0 |
         Sewer |    591 |    591 |      0 |    290 |    215 |   1 |  591.0 |
               +--------+--------+--------+--------+--------+-----+--------+

Top non-repeatable levels by time:
     D:6: 1594 daAuts
     D:4: 1427 daAuts
     D:5: 1216 daAuts
     D:2: 997 daAuts
     D:1: 852 daAuts
     D:3: 735 daAuts
   Sewer: 591 daAuts
  Temple: 184 daAuts
     D:7: 58 daAuts
